 Dungeon Crawl Stone Soup version 0.29.1-14-g9c671dbff4 (webtiles) character file.

Game seed: 339859989782988946

639 tizbic2 the Ducker (level 7, -13/49 HPs)
             Began as an Octopode Fighter on Feb 15, 2023.
             Was an Initiate of Dithmenos.
             Mangled by a two-headed ogre
             ... wielding a +0 giant spiked club
              (27 damage)
             ... on level 5 of the Dungeon.
             The game lasted 00:15:18 (4395 turns).

tizbic2 the Ducker (Octopode Fighter)               Turns: 4395, Time: 00:15:20

Health: -13/49     AC:  5    Str: 17    XL:     7   Next: 51%
Magic:  7/7        EV: 15    Int:  9    God:    Dithmenos [......]
Gold:   296        SH:  7    Dex: 21    Spells: 6/6 levels left

rFire   . . .      SeeInvis .   a - +1 war axe
rCold   . . .      Faith    .   b - +1 buckler
rNeg    . . .      Spirit   .   (helmet restricted)
rPois   .          Reflect  .   d - amulet of regeneration
rElec   .          Harm     .   h - +4 ring of protection
rCorr   .          Rampage  .   k - +6 ring of dexterity
Will    .....                   n - +4 ring of slaying
Stlth   ++++......              (no ring)
HPRegen 0.96/turn               (no ring)
MPRegen 0.10/turn               (no ring)
                                (no ring)
                                (no ring)

@: no status effects
A: almost no armour, amphibious, 8 rings, camouflage 1, gelatinous body 1,
(nimble swimmer 1), tentacles, agile 1
a: Renounce Religion


You were on level 5 of the Dungeon.
You worshipped Dithmenos.
Dithmenos was noncommittal.
You visited 1 branch of the dungeon, and saw 5 of its levels.

You collected 296 gold pieces.

Inventory:

Hand Weapons
 a - a +1 war axe (weapon)
Missiles
 f - 28 stones (quivered)
 o - 6 poisoned darts
Armour
 b - a +1 buckler (worn)
Jewellery
 d - an amulet of regeneration (around mantle)
 h - a +4 ring of protection (left tentacle)
 k - a +6 ring of dexterity (right tentacle)
 n - a +4 ring of slaying (on tentacle)
 q - a ring of ice
Wands
 s - a wand of quicksilver (6)
Scrolls
 l - 2 scrolls of magic mapping
 m - a scroll of amnesia
 v - 3 scrolls of teleportation
Potions
 c - 4 potions of might
 e - 4 potions of cancellation
 g - 3 potions of heal wounds
 i - a potion of berserk rage
 j - a potion of brilliance
 p - a potion of flight
 r - a potion of lignification
 t - a potion of curing {unknown}


   Skills:
 + Level 4.6 Fighting
 * Level 4.5 Axes
 + Level 4.7 Dodging
 * Level 3.1 Stealth
 + Level 4.7 Shields


You had 6 spell levels left.
You didn't know any spells.
Your spell library contained the following spells:

 Spells                   Type           Power      Damage    Failure   Level
 Ensorcelled Hibernation  Hex/Ice        0%         N/A       61%         2
 Gell's Gravitas          Tloc           0%         N/A       83%         3
 Spider Form              Tmut/Pois      0%         N/A       83%         3
 Teleport Other           Tloc           0%         N/A       83%         3
 Anguish                  Hex/Necr       0%         N/A       99%         4
 Dispersal                Tloc           0%         N/A       100%        6


Dungeon Overview and Level Annotations

Branches:
Dungeon (5/15)
 Temple: D:4-7

Altars:
Dithmenos
Hepliaklqana
Sif Muna
Wu Jian

Shops:
D:1 !=[:[   D:3 !


Innate Abilities, Weirdness & Mutations

You cannot wear most types of armour.
You are amphibious.
You can wear up to eight rings at the same time.
Your skin changes colour to match your surroundings (Stealth+).
Your rubbery body absorbs attacks. (AC +1, EV +1)
((You are camouflaged when in or above water. (Stealth+)))
You have tentacles for arms and can constrict up to eight enemies at once.
You are agile. (Dex +4, Str/Int -1)


Message History

You destroy the phantom!
Dithmenos accepts your kill.
You closely miss the ogre. The ogre misses you.
You slash the ogre! You squeeze the ogre.
The ogre is severely wounded.
You block the ogre's attack.
You barely miss the ogre. You squeeze the ogre.
You kill the ogre!
Dithmenos accepts your kill.
Your Stealth skill increases to level 3!
Things that are here:
a +0 giant spiked club; an ogre corpse You now have 296 gold pieces (gained 14).
Okay, then.
There is a stone staircase leading up here.
Found 8 stones.
A quokka and a two-headed ogre come into view.
Found 21 gold pieces.
The quokka misses you.
You slash the quokka!
You kill the quokka!
Dithmenos accepts your kill.
Found a spear.
The helpless two-headed ogre fails to defend itself.
You slash the two-headed ogre!
The two-headed ogre is lightly wounded.
The two-headed ogre misses you. x2
You slash the two-headed ogre! You squeeze the two-headed ogre!
The two-headed ogre is heavily wounded.
You block the two-headed ogre's attack. The two-headed ogre barely misses you.
You slash the two-headed ogre!
The two-headed ogre is heavily wounded.
You slash the two-headed ogre!
The two-headed ogre is severely wounded.
The two-headed ogre hits you with a +0 giant spiked club!!
Ouch! That really hurt!
* * * LOW HITPOINT WARNING * * *
The two-headed ogre hits you with a +0 giant club!!
Ouch! That really hurt!
You die...

...# ##....### ..#
.. .....###......##
.. #
...............# ##
#....>....##...##
#........###...#
###................
...................
)..................
..#.(.@...........
#..O...........
#..............
#...$..........
...##.#.........
.... ###........
#... ....... ....
......


You could see a two-headed ogre.

Vanquished Creatures
  A black bear (D:5)
  An ogre (D:5)
  2 phantoms
  4 hounds
  Ijyb (D:4)
  An iguana (D:5)
  A gnoll (D:1)
  3 adders
  A worm (D:4)
  6 dart slugs
  7 orcs
  9 endoplasms
  4 giant cockroaches
  7 goblins
  6 hobgoblins
  10 jackals
  A quokka (D:5)
  5 ball pythons
  10 bats
  7 frilled lizards
  11 kobolds
  4 rats
102 creatures vanquished.

Notes
Turn   | Place    | Note
-------+----------+-------------------------------------------
     0 | D:1      | tizbic2 the Octopode Fighter began the quest for the Orb.
     0 | D:1      | Reached XP level 1. HP: 16/16 MP: 1/1
   237 | D:1      | Found Ociaz's Antique Armour Emporium.
   263 | D:1      | Found Suluhiuq's Book Boutique.
   270 | D:1      | Found Hiot's Antique Armour Shop.
   486 | D:1      | Reached XP level 2. HP: 16/21 MP: 2/2
   592 | D:1      | Found Feshaula's Distillery.
   667 | D:1      | Reached XP level 3. HP: 14/26 MP: 3/3
   841 | D:1      | Found Zangen's Jewellery Boutique.
  1562 | D:2      | Reached XP level 4. HP: 31/31 MP: 4/4
  1608 | D:2      | Gained mutation: You possess an exceptional clarity of
                  | mind. [potion of mutation]
  1608 | D:2      | Gained mutation: You are frail. (-10% HP) [potion of
                  | mutation]
  1761 | D:2      | Found a faded altar of an unknown god.
  2326 | D:3      | Found Naugoon's Distillery.
  2395 | D:3      | Lost mutation: You possess an exceptional clarity of mind.
                  | [potion of mutation]
  2395 | D:3      | Lost mutation: You are frail. (-10% HP) [potion of
                  | mutation]
  2395 | D:3      | Gained mutation: You are agile. (Dex +4, Str/Int -1)
                  | [potion of mutation]
  2870 | D:3      | Reached XP level 5. HP: 37/37 MP: 5/5
  3591 | D:4      | Noticed a phantom
  3606 | D:4      | Killed a phantom
  3747 | D:4      | Reached XP level 6. HP: 43/43 MP: 6/6
  3806 | D:4      | Noticed Ijyb
  3817 | D:4      | Killed Ijyb
  3946 | D:4      | Found a hazy altar of Hepliaklqana.
  3960 | D:4      | Found an ornate altar of the Wu Jian Council.
  3960 | D:4      | Found a shimmering blue altar of Sif Muna.
  3961 | D:4      | Found a shadowy altar of Dithmenos.
  3971 | D:4      | Became a worshipper of Dithmenos the Shadowed
  4244 | D:5      | Entered Level 5 of the Dungeon
  4274 | D:5      | Reached skill level 1 in Stealth
  4289 | D:5      | Noticed a black bear
  4297 | D:5      | Killed a black bear
  4298 | D:5      | Reached XP level 7. HP: 46/49 MP: 7/7
  4384 | D:5      | Noticed a two-headed ogre
  4395 | D:5      | Mangled by a two-headed ogre

Illustrated notes

Levels and vault maps discovered:
D:1:      wheals_arrival_linesprint, layout_basic, serial_shops,
          nicolae_shop_statue_plus, nicolae_shop_waterfront, shop, shop,
          shop_fountains
D:2:      layout_loops_ring, hellmonk_ecumenical_altar_arch_garden,
          serial_park_tiny_1
D:3:      layout_loops_ring, serial_shops, shop, nrook_campfire, hex_tiny
D:4:      layout_basic, grunt_temple_overflow_open, kennysheep_mini,
          serial_bayou_pond_a, minmay_close_crescents, uniq_ijyb
D:5:      layout_cave_pools, uniq_edmund

Skill      XL: |  1  2  3  4  5  6  7 |
---------------+----------------------+-----
Axes           | 3 4 |  4.5
Fighting       | 4 |  4.6
Dodging        | 4 |  4.7
Shields        | 4 |  4.7
Stealth        | 2 3 |  3.1

Action                   |  1- 3 |  4- 6 |  7- 9 || total
-------------------------+-------+-------+-------++-------
Melee: War axe           |    64 |    97 |    11 ||   172
       Tentacles         |    11 |    20 |     3 ||    34
       Constrict         |    16 |    28 |       ||    44
       Punch             |     2 |     2 |       ||     4
Throw: Stone             |     3 |       |       ||     3
  Use: Scroll            |       |    13 |       ||    13
       Potion            |       |     2 |       ||     2
 Stab: Sleeping          |     6 |    13 |     1 ||    20
Armor: Skin              |    18 |    13 |       ||    31
Dodge: Dodged            |    41 |    62 |     7 ||   110
Block: Buckler           |    16 |    32 |     2 ||    50
